 Dungeon Crawl Stone Soup version 0.28.0-53-g5a82cb258f (webtiles) character file.

Game seed: 14095643216892279386

1070 Tiocfaidh the Sneak (level 8, -9/48 HPs)
             Began as an Octopode Venom Mage on June 12, 2022.
             Was an Initiate of Vehumet.
             Mangled by an ogre
             ... wielding a +0 giant spiked club
              (24 damage)
             ... on level 7 of the Dungeon on June 18, 2022.
             The game lasted 00:27:53 (5651 turns).

Tiocfaidh the Sneak (Octopode Venom Mage)           Turns: 5651, Time: 00:27:54

Health: -9/48      AC:  1    Str:  8    XL:     8   Next: 28%
Magic:  12/23      EV: 17    Int: 19    God:    Vehumet [......]
Gold:   344        SH:  0    Dex: 12    Spells: 12/15 levels left

rFire   . . .      SeeInvis .   o - +2 dagger (protect)
rCold   . . .      Faith    .   (no shield)
rNeg    . . .      Spirit   .   (helmet restricted)
rPois   .          Reflect  .   (no amulet)
rElec   .          Harm     .   g - +4 ring of evasion
rCorr   .          Rampage  .   h - ring of flight
Will    .....                   s - ring of magical power
Stlth   ++++......              (no ring)
HPRegen 0.16/turn               (no ring)
MPRegen 0.18/turn               (no ring)
                                (no ring)
                                (no ring)

@: marked, flying
A: almost no armour, amphibious, 8 rings, camouflage 1, gelatinous body 1,
(nimble swimmer 1), tentacles
a: Renounce Religion


You were on level 7 of the Dungeon.
You worshipped Vehumet.
Vehumet was noncommittal.
You visited 1 branch of the dungeon, and saw 7 of its levels.

You collected 344 gold pieces.

Inventory:

Hand Weapons
 o - a +2 dagger of protection (weapon)
Jewellery
 g - a +4 ring of evasion (left tentacle)
 h - a ring of flight (right tentacle)
 s - a ring of magical power (on tentacle)
 u - an amulet of the acrobat
Wands
 a - a wand of flame (25)
 p - a wand of digging (8)
Scrolls
 b - a scroll of holy word
 i - a scroll of blinking
 l - 2 scrolls of teleportation
 m - 2 scrolls of immolation {unknown}
 q - a scroll of enchant weapon {unknown}
 r - a scroll of fear {unknown}
 v - a scroll of torment {unknown}
Potions
 c - 2 potions of heal wounds
 d - a potion of lignification {unknown}
 e - 2 potions of degeneration {unknown}
 f - 3 potions of curing {unknown}
 j - a potion of might {unknown}
 k - a potion of flight {unknown}
 n - 2 potions of haste {unknown}
 t - a potion of invisibility {unknown}


   Skills:
 + Level 1.6 Fighting
 + Level 3.9 Short Blades
 + Level 3.0 Dodging
 + Level 6.5 Stealth
 + Level 4.2 Spellcasting
 + Level 3.5 Transmutations
 + Level 5.7 Poison Magic


You had 12 spell levels left.
You knew the following spells:

 Your Spells              Type           Power      Damage    Failure   Level
a - Sting                 Tmut/Pois      84%        1d7       1%          1
b - Poisonous Vapours     Pois/Air       30%        N/A       6%          2

Your spell library contained the following spells:

 Spells                   Type           Power      Damage    Failure   Level
 Passwall                 Tmut/Erth      8%         N/A       10%         2
 Olgreb's Toxic Radiance  Pois           26%        N/A       12%         4
 Mephitic Cloud           Conj/Pois/Air  11%        N/A       19%         3
 Ensorcelled Hibernation  Hex/Ice        8%         N/A       21%         2
 Scorch                   Fire           8%         2d5       21%         2
 Swiftness                Air            4%         N/A       38%         3
 Flame Wave               Conj/Fire      4%         2d5       80%         4
 Summon Cactus Giant      Summ           2%         N/A       100%        6


Dungeon Overview and Level Annotations

Branches:
Dungeon (7/15)             Temple (0/1) D:6

Altars:
Dithmenos
Qazlal
Vehumet

Shops:
D:1 [   D:3 [


Innate Abilities, Weirdness & Mutations

You cannot wear most types of armour.
You are amphibious.
You can wear up to eight rings at the same time.
Your skin changes colour to match your surroundings (Stealth+).
Your rubbery body absorbs attacks. (AC +1, EV +1)
((You are camouflaged when in or above water. (Stealth+)))
You have tentacles for arms and can constrict up to eight enemies at once.


Message History

Aiming: Poisonous Vapours (safe; 6% risk of failure)
Press: ? - help, Dir - move target, f - gnoll
Aim: a gnoll, wielding a +0 whip Poisonous vapours surround the gnoll!
The gnoll is poisoned.
Casting: Poisonous Vapours (safe; 6% risk of failure)
Confirm with . or Enter, or press ? or * to list all spells.
Aiming: Poisonous Vapours (safe; 6% risk of failure)
Press: ? - help, Dir - move target, f/p - gnoll
Aim: a gnoll, wielding a +0 whip (lightly wounded, poisoned) Poisonous vapours surround the gnoll!
The gnoll looks even sicker.
Your surroundings suddenly seem different.
An ogre comes into view. It is wielding a +0 giant spiked club.
Casting: Poisonous Vapours (safe; 6% risk of failure)
Confirm with . or Enter, or press ? or * to list all spells.
Aiming: Poisonous Vapours (safe; 6% risk of failure)
Press: ? - help, Dir - move target, f - ogre
Aim: an ogre, wielding a +0 giant spiked club (asleep) Poisonous vapours surround the ogre!
The ogre is poisoned.
The ogre shouts!
Casting: Poisonous Vapours (safe; 6% risk of failure)
Confirm with . or Enter, or press ? or * to list all spells.
Aiming: Poisonous Vapours (safe; 6% risk of failure)
Press: ? - help, Dir - move target, f/p - ogre
Aim: an ogre, wielding a +0 giant spiked club (poisoned) Poisonous vapours surround the ogre!
The ogre looks even sicker.
Casting: Poisonous Vapours (safe; 6% risk of failure)
Confirm with . or Enter, or press ? or * to list all spells.
Aiming: Poisonous Vapours (safe; 6% risk of failure)
Press: ? - help, Dir - move target, f/p - ogre
Aim: an ogre, wielding a +0 giant spiked club (lightly wounded, very poisoned) Poisonous vapours surround the ogre!
The ogre looks even sicker.
Casting: Poisonous Vapours (safe; 6% risk of failure)
Confirm with . or Enter, or press ? or * to list all spells.
Aiming: Poisonous Vapours (safe; 6% risk of failure)
Press: ? - help, Dir - move target, f/p - ogre
Aim: an ogre, wielding a +0 giant spiked club (lightly wounded, very poisoned) Poisonous vapours surround the ogre!
The ogre looks as sick as possible!
The ogre hits you with a +0 giant spiked club!!
Ouch! That really hurt!
You die...

#..........#
#..........#
#..........#
#..........#
#.........#
#.........#
#....O...#
#....@...#
#.......##
#########
.### #....


You could see an ogre (extremely poisoned).

Vanquished Creatures
  A water moccasin (D:6)
  An ogre (D:6)
  A necrophage (D:5)
  2 bullfrogs
  A scorpion (D:4)
  A water moccasin skeleton (D:5)
  2 jellies
  A bullfrog zombie (D:6)
  A hound (D:6)
  2 bullfrog skeletons
  A gnoll shaman (D:6)
  2 iguanas
  2 orc wizards (D:4)
  A hound skeleton (D:4)
  11 adders
  5 gnolls
  An ufetubus (D:5)
  A worm (D:2)
  11 orcs
  6 endoplasms
  6 goblins
  5 hobgoblins
  7 jackals
  8 kobolds
  5 quokkas
  6 ball pythons
  5 bats
  3 frilled lizards (D:1)
  2 rats
101 creatures vanquished.

Notes
Turn   | Place    | Note
-------+----------+-------------------------------------------
     0 | D:1      | Tiocfaidh the Octopode Venom Mage began the quest for the
                  | Orb.
     0 | D:1      | Reached XP level 1. HP: 11/11 MP: 3/3
   231 | D:1      | Found a faded altar of an unknown god.
   241 | D:1      | Reached XP level 2. HP: 15/17 MP: 3/5
   336 | D:1      | Reached skill level 3 in Stealth
   792 | D:1      | Found Wis Okihederch's Antique Armour Shoppe.
   915 | D:1      | Reached XP level 3. HP: 20/21 MP: 4/6
  1462 | D:2      | Found a shadowy altar of Dithmenos.
  1567 | D:2      | Reached XP level 4. HP: 27/27 MP: 7/7
  2196 | D:3      | Reached skill level 4 in Stealth
  2332 | D:3      | Found Sidoogig's Antique Armour Emporium.
  2420 | D:3      | Reached XP level 5. HP: 31/31 MP: 9/9
  2710 | D:3      | Learned a level 2 spell: Poisonous Vapours
  2905 | D:4      | Reached skill level 1 in Fighting
  2905 | D:4      | Reached skill level 1 in Short Blades
  2905 | D:4      | Reached skill level 5 in Poison Magic
  2905 | D:4      | Reached XP level 6. HP: 38/38 MP: 7/10
  3083 | D:4      | Found a stormy altar of Qazlal.
  3252 | D:4      | Reached skill level 5 in Stealth
  3690 | D:4      | Reached XP level 7. HP: 24/43 MP: 12/12
  4005 | D:5      | Entered Level 5 of the Dungeon
  4978 | D:6      | Found a radiant altar of Vehumet.
  4983 | D:6      | Became a worshipper of Vehumet
  5004 | D:6      | Reached skill level 6 in Stealth
  5063 | D:6      | Reached XP level 8. HP: 47/48 MP: 14/14
  5268 | D:6      | Found a staircase to the Ecumenical Temple.
  5433 | D:6      | Identified the +1 chain mail "Baeqet" {Slay+3}
  5651 | D:7      | Mangled by an ogre

Illustrated notes

Levels and vault maps discovered:
D:1:      lemuel_arrival_rhombus, layout_basic,
          chequers_ecumenical_altar_simple_redux, serial_shops, shop
D:2:      layout_basic, basic_altar
D:3:      minmay_evil_eye, layout_basic, serial_shops, shop
D:4:      cheibrodos_helix_gallery, layout_cave_pods, grunt_qazlal_sundering
D:5:      layout_loops_corners, grunt_decor_clamped
D:6:      layout_loops_ring, yredelemnul_altar_generic,
          mainiacjoe_overflow_24_doors, minmay_temple_entry_offerings
D:7:      layout_cave_pods, minitemple, uniq_prince_ribbit1

Skill      XL: |  1  2  3  4  5  6  7  8 |
---------------+-------------------------+-----
Poison Magic   | 4 5 |  5.7
Stealth        | 3 4 5 6 |  6.5
Transmutations | 2 3 |  3.5
Spellcasting   | 3 4 |  4.2
Fighting       | 1 |  1.6
Short Blades   | 1 2 3 |  3.9
Dodging        | 3 |  3.0

Action                   |  1- 3 |  4- 6 |  7- 9 || total
-------------------------+-------+-------+-------++-------
Melee: Unarmed           |    10 |       |       ||    10
       Tentacles         |     6 |    23 |    22 ||    51
       Dagger            |    16 |    96 |    70 ||   182
       Constrict         |     5 |    25 |    11 ||    41
       Punch             |     1 |     2 |     1 ||     4
 Cast: Sting             |    38 |    31 |     5 ||    74
       Poisonous Vapours |       |       |     8 ||     8
Evoke: Wand              |       |       |     1 ||     1
  Use: Scroll            |       |     1 |     4 ||     5
 Stab: Sleeping          |     6 |     9 |     7 ||    22
Armor: Skin              |     3 |    10 |     8 ||    21
Dodge: Dodged            |    25 |    73 |    59 ||   157
